Map: 2000 Atmospheres LE

Players

Vanya

  • Race: Zerg Zerg
  • League: Master

Krystianer - Winner!

  • Race: Protoss Protoss
  • League: Grandmaster

Event: DreamHack SC2 Masters 2021 Summer

VOD

Have the link to the VOD?

Description

Time

  • Played on: May 28, 2021, 11:47 a.m.
  • Length: 11:50

All games in this series

Show
View Real Time Build Order
Export as new Build Order

Vanya Zerg 

Build Orders: Hatch First, Roach Hydra 

Get SALT Encoding   

  12  0:00  Drone  
  13  0:12  Overlord  
  13  0:16  Drone  
  14  0:30  Drone x2  
  16  0:47  Hatchery  
  15  0:50  Drone  
  15  0:54  Drone  
  17  0:57  Drone  
  18  1:08  Extractor  
  17  1:12  Spawning Pool  
  17  1:15  Drone  
  17  1:19  Drone  
  18  1:27  Drone  
  19  1:38  Drone  
  20  1:48  Overlord  
  20  1:59  Queen x2  
  20  2:00  Zergling x4  
  26  2:11  Drone x2  
  26  2:12  Metabolic Boost  
  28  2:21  Drone x2  
  30  2:34  Hatchery  
  30  2:36  Drone  
  30  2:42  Queen  
  32  2:47  Overlord  
  32  2:51  Drone  
  32  2:54  Drone  
  32  2:56  Drone  
  32  2:57  Zergling x2  
  35  3:07  Drone x2  
  35  3:08  Zergling x6  
  40  3:15  Drone  
  40  3:16  Drone  
  42  3:25  Drone  
  40  3:28  Drone  
  38  3:35  Spore Crawler  
  38  3:37  Drone  
  38  3:38  Drone x3  
  38  3:40  Drone  
  42  3:47  Queen  
  44  3:49  Drone  
  44  3:50  Drone  
  45  3:58  Overlord  
  45  4:00  Drone x2  
  47  4:03  Drone  
  47  4:09  Drone  
  49  4:13  Spore Crawler  
  49  4:16  Queen  
  50  4:19  Drone  
  50  4:20  Drone x4  
  50  4:22  Drone  
  50  4:23  Drone  
  57  4:30  Drone, Roach Warren  
  56  4:33  Drone x2  
  57  4:39  Overlord  
  57  4:43  Overlord x2  
  57  4:51  Lair  
  55  4:57  Drone x4  
  57  5:03  Drone x4  
  57  5:06  Drone  
  62  5:10  Drone  
  62  5:13  Drone x2, Extractor  
  64  5:14  Drone x2  
  64  5:17  Drone  
  66  5:23  Extractor  
  66  5:24  Drone x5  
  69  5:31  Zergling x2  
  69  5:33  Zergling x6  
  72  5:39  Extractor, Overlord x2  
  70  5:43  Overlord  
  70  5:44  Drone x3  
  70  5:46  Drone  
  70  5:48  Spore Crawler  
  70  5:49  Drone  
  73  5:52  Drone  
  73  5:54  Overlord  
  73  5:55  Overseer  
  74  5:58  Glial Reconstitution  
  74  5:59  Drone x4  
  74  6:03  Evolution Chamber  
  78  6:07  Drone x2, Extractor  
  78  6:09  Extractor  
  78  6:10  Drone  
  77  6:12  Drone  
  77  6:17  Drone x2  
  80  6:21  Hatchery  
  80  6:22  Drone  
  80  6:30  Queen  
  80  6:31  Queen  
  86  6:33  Overlord  
  86  6:34  Zerg Missile Weapons Level 1  
  86  6:37  Hydralisk Den  
  95  6:40  Roach x6  
  95  6:43  Overlord x2  
  97  6:49  Spore Crawler  
  90  7:03  Hatchery  
  90  7:06  Overlord  
  89  7:09  Hydralisk  
  89  7:10  Grooved Spines, Hydralisk x5  
  101  7:16  Hydralisk x2  
  105  7:24  Hydralisk  
  105  7:25  Hydralisk x2  
  109  7:33  Hydralisk x2  
  113  7:43  Hydralisk x4  
  121  7:47  Overlord  
  121  7:48  Extractor, Drone x2  
  122  7:54  Overlord  
  122  7:55  Infestation Pit  
  119  7:59  Drone x2  
  119  8:00  Extractor  
  119  8:04  Evolution Chamber  
  119  8:07  Drone  
  119  8:08  Drone x3  
  119  8:09  Drone x3  
  126  8:13  Overlord  
  126  8:18  Hydralisk x3  
  126  8:21  Muscular Augments  
  126  8:23  Hydralisk x2  
  126  8:24  Hydralisk  
  122  8:31  Hydralisk x2  
  118  8:40  Hatchery, Hydralisk  
  119  8:45  Zergling x10  
  123  8:53  Hydralisk  
  121  8:56  Lair  
  121  9:01  Hydralisk x4  
  128  9:12  Drone x4  
  128  9:13  Drone x3  
  128  9:17  Zerg Ground Armor Level 1  
  135  9:22  Overlord  
  134  9:25  Roach  
  134  9:26  Roach  
  140  9:31  Roach x2  
  140  9:37  Queen x2  
  146  9:38  Roach  
  144  9:49  Hydralisk x6  
  134  10:00  Hydralisk x5  
  134  10:04  Drone x3  
  147  10:15  Drone x6  
  147  10:19  Hive  
  153  10:32  Drone x4  
  153  10:33  Drone, Lurker Den  
  157  10:37  Overlord  
  157  10:43  Overlord  
  157  10:44  Drone x3  
  160  10:53  Overlord  
  160  10:54  Drone  
  160  10:56  Drone x5  
  149  11:06  Drone x6  
  144  11:13  Drone x6  
  144  11:16  Roach  
  144  11:19  Roach  
  144  11:20  Roach  
  146  11:29  Roach x5  
Show
View Real Time Build Order
Export as new Build Order

Krystianer Protoss - Winner!

Build Orders: 1 Gate Expand, Oracle Opening 

Get SALT Encoding   

  12  0:00  Probe  
  13  0:12  Probe  
  14  0:18  Pylon  
  14  0:24  Probe (Chrono Boost)  
  15  0:36  Probe (Chrono Boost)  
  15  0:38  Gateway  
  16  0:44  Probe (Chrono Boost)  
  16  0:45  Assimilator  
  17  0:51  Probe  
  18  1:03  Probe  
  19  1:15  Probe  
  20  1:23  Nexus  
  20  1:32  Cybernetics Core  
  20  1:35  Probe  
  21  1:40  Assimilator  
  21  1:47  Probe  
  21  1:50  Pylon  
  22  1:59  Probe  
  23  2:05  Adept (Chrono Boost)  
  23  2:11  Probe  
  26  2:19  Stargate  
  26  2:23  Probe (Chrono Boost)  
  26  2:25  Adept (Chrono Boost)  
  29  2:32  Warp Gate  
  29  2:34  Probe (Chrono Boost)  
  31  2:41  Probe (Chrono Boost)  
  31  2:44  Probe (Chrono Boost)  
  32  2:48  Probe (Chrono Boost)  
  32  2:49  Probe (Chrono Boost)  
  34  2:59  Probe  
  34  3:01  Probe, Oracle (Chrono Boost)  
  39  3:07  Shield Battery  
  39  3:12  Probe  
  40  3:13  Probe  
  40  3:14  Stalker  
  43  3:24  Probe  
  43  3:25  Probe  
  41  3:35  Assimilator  
  41  3:36  Probe  
  41  3:37  Probe, Assimilator  
  41  3:39  Gateway  
  41  3:40  Pylon  
  43  3:48  Probe  
  44  3:49  Probe  
  44  3:50  Void Ray (Chrono Boost)  
  44  3:52  Pylon  
  45  4:00  Probe  
  45  4:01  Probe  
  51  4:12  Probe  
  51  4:13  Probe  
  53  4:17  Void Ray (Chrono Boost), Stargate  
  53  4:18  Pylon  
  53  4:27  Probe  
  58  4:35  Adept  
  58  4:36  Adept  
  58  4:38  Pylon  
  62  4:45  Void Ray (Chrono Boost)  
  62  4:52  Pylon  
  62  4:55  Nexus  
  62  4:56  Probe x2  
  67  5:06  Void Ray (Chrono Boost)  
  71  5:09  Probe  
  71  5:10  Probe  
  73  5:15  Void Ray (Chrono Boost)  
  73  5:20  Protoss Air Weapons Level 1  
  77  5:21  Probe  
  77  5:22  Probe  
  77  5:26  Pylon  
  79  5:34  Probe  
  79  5:35  Probe  
  81  5:38  Twilight Council  
  81  5:39  Forge  
  81  5:46  Probe, Void Ray (Chrono Boost)  
  81  5:47  Probe  
  81  5:48  Void Ray (Chrono Boost)  
  87  5:58  Probe  
  87  5:59  Probe  
  87  6:00  Zealot  
  87  6:01  Shield Battery  
  91  6:06  Probe (Chrono Boost)  
  94  6:14  Probe (Chrono Boost)  
  94  6:15  Zealot  
  94  6:16  Probe (Chrono Boost)  
  94  6:19  Probe (Chrono Boost), Assimilator  
  94  6:24  Probe (Chrono Boost)  
  94  6:25  Probe x2 (Chrono Boost), Void Ray (Chrono Boost)  
  100  6:27  Charge  
  100  6:28  Protoss Ground Weapons Level 1  
  100  6:29  Void Ray (Chrono Boost), Pylon  
  100  6:34  Probe  
  100  6:36  Assimilator  
  106  6:44  Gateway  
  106  6:46  Adept  
  107  6:47  Gateway  
  107  6:52  Pylon  
  107  6:53  Void Ray (Chrono Boost)  
  111  7:02  Pylon  
  115  7:09  Void Ray (Chrono Boost)  
  115  7:15  Gateway  
  115  7:19  Probe, Gateway  
  115  7:20  Probe, Void Ray (Chrono Boost)  
  117  7:23  Gateway, Pylon  
  117  7:26  Gateway  
  121  7:35  Stalker  
  123  7:37  Pylon  
  123  7:40  Templar Archives  
  123  7:42  Void Ray (Chrono Boost)  
  123  7:44  Gateway  
  123  7:48  Gateway  
  127  7:55  Pylon  
  123  8:01  Zealot x4  
  131  8:08  Pylon  
  131  8:10  Pylon  
  131  8:21  Nexus  
  131  8:22  Pylon  
  115  8:34  Protoss Ground Weapons Level 2 (Chrono Boost), Zealot x8  
  115  8:39  Probe x2  
  133  8:44  Robotics Facility  
  129  8:58  Zealot x6  
  129  8:59  Zealot  
  143  9:04  Pylon  
  143  9:05  Probe  
  132  9:19  Zealot x5  
  132  9:20  Zealot x2  
  146  9:25  Probe x3  
  146  9:26  Pylon  
  146  9:31  High Templar x2, Zealot  
  151  9:33  Observer (Chrono Boost)  
  151  9:34  Probe  
  151  9:37  Probe x3  
  154  9:46  Probe  
  154  9:49  Probe x2  
  154  9:50  Probe  
  158  9:58  Probe  
  145  10:03  High Templar x3  
  145  10:04  High Templar x7  
  145  10:05  Probe, Warp Prism (Chrono Boost)  
  166  10:09  Archon x4  
  166  10:10  Archon  
  166  10:11  Archon  
  166  10:12  Assimilator  
  166  10:13  Pylon  
  168  10:15  Assimilator  
  168  10:26  Gateway  
  168  10:28  Gateway  
  168  10:30  Pylon  
  168  10:36  Zealot x3  
  168  10:37  Zealot x7  
  178  10:59  Zealot x10  
  154  11:20  Zealot  
  154  11:21  Zealot x9  
  154  11:22  Zealot x2  
  154  11:25  Probe  
  143  11:46  Zealot x12  
Tags
 
Add a new tag
Caveats
  • Supply blocks, unpowered buildings, or Contaminate may cause inaccurate times.
  • Supply counts are checked every 10 seconds.